 Dungeon Crawl Stone Soup version 0.25.1-2-g60ff931df9 (webtiles) character file.

Game seed: 15646348680048102850

67 Zukotu the Ruffian (level 3, -7/36 HPs)
             Began as a Troll Berserker on Aug 26, 2020.
             Was a Believer of Trog.
             Killed by nerve-wracking pain
             ... invoked by Grinder
              (14 damage)
             ... while paralysed by Grinder
             ... on level 3 of the Dungeon.
             The game lasted 00:05:16 (1369 turns).

Zukotu the Ruffian (Troll Berserker)                Turns: 1369, Time: 00:05:17

Health: -7/36      AC:  7    Str: 26    XL:     3   Next: 98%
Magic:  2/2        EV:  1    Int:  9    God:    Trog [**....]
Gold:   78         SH:  0    Dex:  9    Spells: 2/2 levels left

rFire    . . .     SeeInvis .     - Unarmed
rCold    . . .     Gourm    +   (no shield)
rNeg     . . .     Faith    .   a - +1 animal skin
rPois    .         Spirit   .   (helmet restricted)
rElec    .         Reflect  .   (no cloak)
rCorr    .         Harm     .   (gloves unavailable)
MR       .....                  (boots unavailable)
Stlth    +.........             (no amulet)
HPRegen  0.52/turn              i - +6 ring of intelligence
MPRegen  0.08/turn              (no ring)

@: paralysed
A: large, unfitting armour, claws 3, fast metabolism 3, gourmand, regeneration
1, shaggy fur 1, tough skin 3
a: Berserk, Trog's Hand, Renounce Religion


You were on level 3 of the Dungeon.
You worshipped Trog.
Trog was pleased with you.
You were very full.

You visited 1 branch of the dungeon, and saw 3 of its levels.

You collected 78 gold pieces.

Inventory:

Armour
 a - a +1 animal skin (worn)
 o - a cursed -2 scale mail
Jewellery
 i - a +6 ring of intelligence (left claw)
Scrolls
 h - a scroll of identify
Potions
 d - a potion of brilliance {unknown}
 e - a potion of might {unknown}
 f - 3 potions of degeneration {unknown}
 k - a potion of heal wounds {unknown}
 l - a potion of haste {unknown}
Comestibles
 b - 6 rations


   Skills:
 + Level 2.8 Fighting
 + Level 3.2 Dodging
 + Level 3.7 Unarmed Combat


You had 2 spell levels left.
You didn't know any spells.
Your spell library was empty.

Dungeon Overview and Level Annotations

Branches:
Dungeon (3/15)

Altars:

Annotations:
D:3 Grinder


Innate Abilities, Weirdness & Mutations

You are too large for most types of armour.
You have claws for hands.
Your metabolism is lightning-fast.
You like to eat raw meat.
Your natural rate of healing is unusually fast.
You are covered in fur. (AC +1)
You have extremely tough skin. (AC +3)


Message History

Grinder hits you!
You writhe in agony.
* * * LOW HITPOINT WARNING * * *
The goblin shoots a stone.
The stone hits you but does no damage.
You scratch Grinder.
Grinder is severely wounded.
Grinder gestures at you. You resist with significant effort.
The goblin shoots a stone.
The stone hits you.
* * * LOW HITPOINT WARNING * * *
You scratch Grinder but do no damage.
Grinder is severely wounded.
Grinder gestures at you.
You suddenly lose the ability to move!
The goblin shoots a stone.
The stone hits you.
* * * LOW HITPOINT WARNING * * *
Grinder blinks!
The goblin shoots a stone.
The stone hits you but does no damage. Grinder gestures at you.
Pain shoots through your body!
You die...

.###+#+##.#...
.............###
#.............. .
#............##.#
#................
#.g..............
##.....$..<.......
........ยง.....#.#.
.......(@.(.....#
...?......(.....#
.........!(.....#
..#...5.......#...
.#.#..#######.#...
#._.#. .+ .. .#.#..
# .#...


You could see Grinder and a goblin.

Vanquished Creatures
  2 adders (D:2)
  An ooze (D:2)
  2 worms (D:2)
  A leopard gecko (D:2)
  2 giant cockroaches
  6 hobgoblins
  3 jackals (D:1)
  3 bats
  2 frilled lizards
  7 goblins
  6 kobolds
  4 rats
39 creatures vanquished.

Notes
Turn   | Place    | Note
-------+----------+-------------------------------------------
     0 | D:1      | Zukotu the Troll Berserker began the quest for the Orb.
     0 | D:1      | Reached XP level 1. HP: 22/22 MP: 0/0
   146 | D:1      | Reached XP level 2. HP: 27/29 MP: 1/1
   561 | D:2      | Reached ** piety under Trog
   561 | D:2      | Reached XP level 3. HP: 36/36 MP: 2/2
  1346 | D:3      | Found a faded altar of an unknown god.
  1349 | D:3      | Noticed Grinder
  1367 | D:3      | Paralysed by Grinder for 2 turns
  1369 | D:3      | Killed from afar by Grinder

Illustrated notes

Levels and vault maps discovered:
D:1:      dpeg_arrival_radiant, layout_rooms, kennysheep_minor_cross
D:2:      layout_basic
D:3:      layout_basic, chequers_ecumenical_altar_simple_redux, uniq_grinder

Skill      XL: |  1  2  3 |
---------------+----------+-----
Dodging        | 3 |  3.2
Fighting       | |  2.8
Unarmed Combat | |  3.7

Action                   || total
-------------------------++-------
Melee: Unarmed           ||    96
  Use: Scroll            ||     5
  Eat: Chunk             ||    17
Armor: Animal skin       ||    60
Dodge: Dodged            ||    72
